St.Louis Blues vs Calgary Flames
Created - Sunday, April 21, 2024 at 08:15
Goals
|
| St.Louis Blues |
0 |
2 |
0 |
2 |
| Calgary Flames |
1 |
2 |
1 |
4 |
|
Shots
|
| St.Louis Blues |
11 |
10 |
5 |
26 |
| Calgary Flames |
15 |
12 |
7 |
34 |
|
1st period
1. Calgary Flames , Kris Letang 6 (Drew Doughty 14, Matthew Tkachuk 27) at 0:55 (PP)
Penalties :
Mikhail Sergachev (STL) for Tripping (Minor) at 0:38, Michael Anderson (CGY) for Interference (Minor) at 14:46
2nd period
2. Calgary Flames , Matthew Tkachuk 24 (Joel Eriksson Ek 23, J.T. Miller 34) at 4:39
3. Calgary Flames , Joel Eriksson Ek 15 (J.T. Miller 35, Matthew Tkachuk 28) at 11:21
4. St.Louis Blues , Jake Guentzel 14 (Jake Sanderson 12, Jack Eichel 20) at 13:09
5. St.Louis Blues , Alex Tuch 11 (Yanni Gourde 18, Jake Sanderson 13) at 14:09
Penalties :
Matthew Tkachuk (CGY) for Tripping (Minor) at 5:00
3rd period
6. Calgary Flames , Kris Letang 7 (Jeff Petry 19) at 19:21 (Empty Net)
Penalties :
Nic Dowd (CGY) for Hooking (Minor) at 0:45, Nic Dowd (CGY) for Hooking (Minor) at 14:15
Goalie Stats
Scott Wedgewood (STL), 30 saves from 33 shots - (0.909), L, 10-5-2, 59:29 minutes
Samuel Montembeault (CGY), 24 saves from 26 shots - (0.923), W, 14-5-4, 60:00 minutes
Players Stats for St.Louis Blues
Player Name G A P +/- PIM S H SB GA TA FO MP PP MP PK MP
------------------------------------------------------------------------------------
Adam Pelech 0 0 0 -1 0 0 1 1 0 0 0/0 11:59 0:00 0:00
Alex Pietrangelo 0 0 0 -1 0 2 2 1 0 1 0/0 25:00 2:45 0:00
Alex Tuch 1 0 1 1 0 1 1 0 1 0 1/1 14:21 2:45 0:00
Andrew Copp 0 0 0 -1 0 1 0 0 0 0 0/0 8:19 0:01 0:00
Colton Parayko 0 0 0 -1 0 1 2 0 0 2 0/0 22:16 0:00 0:17
Elias Pettersson 0 0 0 -1 0 2 3 0 1 0 3/3 21:52 4:19 0:00
Evander Kane 0 0 0 1 0 2 5 0 0 0 0/0 15:04 3:36 0:00
Jack Eichel 0 1 1 0 0 6 1 1 2 0 4/10 18:12 3:36 0:00
Jake Guentzel 1 0 1 0 0 2 3 0 0 0 0/2 18:52 4:19 0:00
Jake Sanderson 0 2 2 2 0 0 2 1 0 1 0/0 16:31 0:00 0:17
Lawson Crouse 0 0 0 -2 0 0 0 1 0 0 0/0 8:52 0:01 0:00
Mark Stone 0 0 0 0 0 0 1 1 1 0 0/1 18:15 3:36 0:00
Mikhail Sergachev 0 0 0 1 2 0 1 1 0 0 0/0 22:43 5:11 0:00
Nick Leddy 0 0 0 -1 0 0 1 1 0 0 0/0 11:59 0:00 0:00
Nico Sturm 0 0 0 -1 0 2 0 2 0 0 2/4 8:19 0:00 0:17
Robert Thomas 0 0 0 -1 0 4 0 0 2 2 12/33 21:52 4:19 0:00
Tage Thompson 0 0 0 -1 0 3 1 0 1 0 1/2 23:22 5:11 0:00
Yanni Gourde 0 1 1 1 0 0 1 0 0 0 3/4 11:54 0:01 0:17
Players Stats for Calgary Flames
Player Name G A P +/- PIM S H SB GA TA FO MP PP MP PK MP
------------------------------------------------------------------------------------
Cole Sillinger 0 0 0 0 0 0 0 0 0 0 3/8 8:36 0:00 0:00
Drew Doughty 0 1 1 1 0 1 2 1 0 1 0/0 22:01 0:17 3:51
J.T. Miller 0 2 2 1 0 1 0 1 1 0 8/13 18:33 0:17 4:04
Jeff Petry 0 1 1 2 0 1 2 0 1 0 0/0 22:19 0:00 4:18
Joel Eriksson Ek 1 1 2 1 0 5 1 1 0 2 3/6 17:40 0:17 3:32
Kris Letang 2 0 2 1 0 2 2 0 0 1 0/0 18:41 0:17 0:21
Mathieu Joseph 0 0 0 1 0 1 2 1 0 1 0/1 18:08 0:00 3:51
Matthew Tkachuk 1 2 3 1 2 4 1 0 0 0 0/0 16:57 0:17 2:06
Michael Anderson 0 0 0 -1 2 0 0 1 1 1 0/0 20:02 0:00 2:48
Nic Dowd 0 0 0 1 4 0 1 2 0 1 7/12 16:11 0:00 1:52
Oliver Bjorkstrand 0 0 0 1 0 5 1 0 1 0 0/2 14:10 0:00 0:00
Rafael Harvey-Pinard 0 0 0 0 0 2 2 0 0 0 0/0 8:36 0:00 0:00
Rasmus Andersson 0 0 0 -1 0 1 0 1 0 0 0/0 16:25 0:00 0:21
Ryan McDonagh 0 0 0 0 0 2 2 1 0 0 0/0 20:44 0:00 4:13
Sebastian Aho 0 0 0 -1 0 4 0 0 0 0 13/18 15:22 0:00 0:20
Timo Meier 0 0 0 -1 0 2 1 1 0 1 0/0 14:33 0:00 0:07
Yakov Trenin 0 0 0 0 0 0 2 0 0 0 0/0 8:36 0:00 0:00
Zach Hyman 0 0 0 -1 0 3 1 1 2 0 0/0 14:26 0:00 0:00
3 Stars
1 - Kris Letang (CGY)
2 - Matthew Tkachuk (CGY)
3 - Joel Eriksson Ek (CGY)
Power Play
St.Louis Blues - 0 on 4 Attempt(s) - 0.00%
Calgary Flames - 1 on 1 Attempt(s) - 100.00%
Penalty Kill
St.Louis Blues - 0 on 1 Attempt(s) - 0.00%
- Score 0 goal in Penalty Kill
Calgary Flames - 4 on 4 Attempt(s) - 100.00%
- Score 0 goal in Penalty Kill
Team Stat
St.Louis Blues - Hits : 25 - Faceoff Wins : 26 - Blocked Shots : 10 - Penalty Minutes : 2
Calgary Flames - Hits : 20 - Faceoff Wins : 34 - Blocked Shots : 11 - Penalty Minutes : 8
Official
Referees : Ghislain Hebert and Frederick L'Ecuyer
Linesman : John Grandt and Vaughan Rody
Game Notes
Kris Letang has scored in a empty net!
Finance
Level 1 -- Attendance: 4970 (82.83%) -- Ticket Income $497,000
Level 2 -- Attendance: 4093 (81.86%) -- Ticket Income $245,580
Level 3 -- Attendance: 2505 (83.50%) -- Ticket Income $87,675
Level 4 -- Attendance: 3742 (74.84%) -- Ticket Income $93,550
Luxury Box -- Attendance: 845 (84.50%) -- Ticket Income $169,000
Game was played at the Scotiabank Saddledome.
Total Attendance: 16155 (80.78%)
Total Ticket Income: $1,092,805
Other Income: $382,482
Total Income: $1,475,287
St.Louis Blues
5 vs 5 Forward
Center Left Wing Right Wing Time % Phy DF OF
1 Robert Thomas Elias Pettersson Tage Thompson 40 0 2 3
2 Jack Eichel Jake Guentzel Mark Stone 30 0 2 3
3 Yanni Gourde Alex Tuch Evander Kane 20 1 2 2
4 Nico Sturm Andrew Copp Lawson Crouse 10 1 3 1
5 vs 5 Defense
Defense Defense Time % Phy DF OF
1 Colton Parayko Alex Pietrangelo 45 1 2 2
2 Jake Sanderson Mikhail Sergachev 35 1 2 2
3 Nick Leddy Adam Pelech 20 1 2 2
4 Alex Pietrangelo Mikhail Sergachev 0 1 2 2
PowerPlay Forward
Center Left Wing Right Wing Time % Phy DF OF
1 Robert Thomas Elias Pettersson Jake Guentzel 60 1 0 4
2 Jack Eichel Evander Kane Mark Stone 40 1 0 4
PowerPlay Defense
Defense Defense Time % Phy DF OF
1 Tage Thompson Mikhail Sergachev 60 0 1 4
2 Alex Tuch Alex Pietrangelo 40 0 1 4
Penalty Kill 4 Players Forward
Center Wing Time % Phy DF OF
1 Nico Sturm Yanni Gourde 50 1 4 0
2 Andrew Copp Lawson Crouse 50 1 4 0
Penalty Kill 4 Players Defense
Defense Defense Time % Phy DF OF
1 Jake Sanderson Colton Parayko 50 1 4 0
2 Nick Leddy Adam Pelech 50 1 4 0
Penalty Kill - 3 Players Forward
Forward Time % Phy DF OF
1 Nico Sturm 50 0 5 0
2 Yanni Gourde 50 0 5 0
Penalty Kill - 3 Players Defense
Defense Defense Time % Phy DF OF
1 Jake Sanderson Colton Parayko 50 0 5 0
2 Adam Pelech Nick Leddy 50 0 5 0
4 vs 4 Forward
Center Wing Time % Phy DF OF
1 Robert Thomas Elias Pettersson 50 0 2 3
2 Jack Eichel Mark Stone 50 0 2 3
4 vs 4 Defense
Defense Defense Time % Phy DF OF
1 Alex Pietrangelo Colton Parayko 50 1 2 2
2 Mikhail Sergachev Jake Sanderson 50 1 2 2
Last Minutes Offensive
Center Left Wing Right Wing Defense Defense
Robert Thomas Elias Pettersson Mark Stone Tage Thompson Mikhail Sergachev
Last Minutes Defensive
Center Left Wing Right Wing Defense Defense
Nico Sturm Yanni Gourde Lawson Crouse Alex Pietrangelo Colton Parayko
Goaltenders
Starting : Scott Wedgewood
Backup : Connor Hellebuyck
Extra Forwards
Normal : Mark Stone, Elias Pettersson, Lawson Crouse - PP : Jake Guentzel, Elias Pettersson - PK : Robert Thomas
Extra Defensemen
Normal : Jake Sanderson, Nick Leddy, Colton Parayko - PP : Nick Leddy - PK : Jake Sanderson, Colton Parayko
Penalty Shots
Elias Pettersson, Tage Thompson, Robert Thomas, Alex Tuch, Mark Stone
Calgary Flames
5 vs 5 Forward
Center Left Wing Right Wing Time % Phy DF OF
1 J.T. Miller Matthew Tkachuk Joel Eriksson Ek 31 0 2 3
2 Sebastian Aho Zach Hyman Timo Meier 30 0 2 3
3 Nic Dowd Mathieu Joseph Oliver Bjorkstrand 29 0 2 3
4 Cole Sillinger Rafael Harvey-Pinard Yakov Trenin 10 1 3 1
5 vs 5 Defense
Defense Defense Time % Phy DF OF
1 Drew Doughty Jeff Petry 35 1 3 1
2 Ryan McDonagh Kris Letang 35 1 3 1
3 Michael Anderson Rasmus Andersson 30 1 3 1
4 Kris Letang Jeff Petry 0 1 3 1
PowerPlay Forward
Center Left Wing Right Wing Time % Phy DF OF
1 J.T. Miller Matthew Tkachuk Joel Eriksson Ek 50 0 0 5
2 Sebastian Aho Zach Hyman Timo Meier 50 0 0 5
PowerPlay Defense
Defense Defense Time % Phy DF OF
1 Kris Letang Drew Doughty 50 0 0 5
2 Rasmus Andersson Jeff Petry 50 0 0 5
Penalty Kill 4 Players Forward
Center Wing Time % Phy DF OF
1 Joel Eriksson Ek Mathieu Joseph 50 0 5 0
2 J.T. Miller Nic Dowd 50 0 5 0
Penalty Kill 4 Players Defense
Defense Defense Time % Phy DF OF
1 Jeff Petry Ryan McDonagh 50 0 5 0
2 Michael Anderson Drew Doughty 50 0 5 0
Penalty Kill - 3 Players Forward
Forward Time % Phy DF OF
1 J.T. Miller 50 0 5 0
2 Sebastian Aho 50 0 5 0
Penalty Kill - 3 Players Defense
Defense Defense Time % Phy DF OF
1 Kris Letang Jeff Petry 50 0 5 0
2 Michael Anderson Drew Doughty 50 0 5 0
4 vs 4 Forward
Center Wing Time % Phy DF OF
1 J.T. Miller Timo Meier 50 1 2 2
2 Sebastian Aho Zach Hyman 50 1 2 2
4 vs 4 Defense
Defense Defense Time % Phy DF OF
1 Kris Letang Jeff Petry 50 1 2 2
2 Drew Doughty Michael Anderson 50 1 2 2
Last Minutes Offensive
Center Left Wing Right Wing Defense Defense
J.T. Miller Matthew Tkachuk Sebastian Aho Kris Letang Drew Doughty
Last Minutes Defensive
Center Left Wing Right Wing Defense Defense
J.T. Miller Sebastian Aho Joel Eriksson Ek Ryan McDonagh Drew Doughty
Goaltenders
Starting : Samuel Montembeault
Backup : Ilya Sorokin
Extra Forwards
Normal : Nic Dowd, Joel Eriksson Ek, Mathieu Joseph - PP : Nic Dowd, Joel Eriksson Ek - PK : Mathieu Joseph
Extra Defensemen
Normal : Rasmus Andersson, Michael Anderson, Jeff Petry - PP : Rasmus Andersson - PK : Michael Anderson, Jeff Petry
Penalty Shots
J.T. Miller, Matthew Tkachuk, Sebastian Aho, Joel Eriksson Ek, Timo Meier
% Time on Ice - St.Louis Blues
Lines # - Real PCT - Wanted PCT - Time Play
Normal Forward
1 - 34% - 40% - 17:13
2 - 29% - 30% - 14:36
3 - 22% - 20% - 11:20
4 - 16% - 10% - 8:02
Normal Defense
1 - 44% - 45% - 22:42
2 - 32% - 35% - 16:30
3 - 23% - 20% - 11:59
4 - 0% - 0% - 0:00
PP Forward
1 - 55% - 60% - 4:20
2 - 45% - 40% - 3:36
PP Defense
1 - 65% - 60% - 5:11
2 - 35% - 40% - 2:45
PK Forward
1 - 100% - 50% - 0:17
2 - 0% - 50% - 0:00
PK Defense
1 - 100% - 50% - 0:17
2 - 0% - 50% - 0:00
PK3 Forward
1 - 0% - 50%
2 - 0% - 50%
PK3 Defense
1 - 0% - 50%
2 - 0% - 50%
44 Forward
1 - 0% - 50%
2 - 0% - 50%
44 Defense
1 - 0% - 50%
2 - 0% - 50%
Last Minute Offensive - 0:36
Last Minute Defensive - 0:00
Total
Forward - 60:00
Defense - 60:00
|
% Time on Ice - Calgary Flames
Lines # - Real PCT - Wanted PCT - Time Play
Normal Forward
1 - 27% - 31% - 13:51
2 - 29% - 30% - 15:10
3 - 27% - 29% - 14:10
4 - 17% - 10% - 8:36
Normal Defense
1 - 32% - 35% - 16:42
2 - 35% - 35% - 17:55
3 - 31% - 30% - 15:51
4 - 3% - 0% - 1:19
PP Forward
1 - 100% - 50% - 0:17
2 - 0% - 50% - 0:00
PP Defense
1 - 100% - 50% - 0:17
2 - 0% - 50% - 0:00
PK Forward
1 - 45% - 50% - 3:32
2 - 55% - 50% - 4:24
PK Defense
1 - 47% - 50% - 3:44
2 - 53% - 50% - 4:12
PK3 Forward
1 - 0% - 50%
2 - 0% - 50%
PK3 Defense
1 - 0% - 50%
2 - 0% - 50%
44 Forward
1 - 0% - 50%
2 - 0% - 50%
44 Defense
1 - 0% - 50%
2 - 0% - 50%
Last Minute Offensive - 0:00
Last Minute Defensive - 0:00
Total
Forward - 60:00
Defense - 60:00
|
Play-by-Play
1st period
0:01 of 1st period - Tage Thompson wins face-off versus Joel Eriksson Ek in neutral zone.
0:14 of 1st period - Backhand shot by Matthew Tkachuk.
0:14 of 1st period - Stopped by Scott Wedgewood without a rebound.
0:15 of 1st period - Jack Eichel wins face-off versus Sebastian Aho in St.Louis Blues zone.
0:38 of 1st period - Minor Penalty to Mikhail Sergachev for Tripping.
0:39 of 1st period - J.T. Miller wins face-off versus Nico Sturm in St.Louis Blues zone.
0:53 of 1st period - Slapshot by Drew Doughty.
0:53 of 1st period - Shot Misses the Net.
0:55 of 1st period - Snap shot by Kris Letang.
0:55 of 1st period - Goal by Kris Letang - St.Louis Blues : 0 - Calgary Flames : 1.
0:56 of 1st period - Alex Tuch wins face-off versus Oliver Bjorkstrand in neutral zone.
1:05 of 1st period - Snap shot by Oliver Bjorkstrand.
1:05 of 1st period - Stopped by Scott Wedgewood without a rebound.
1:06 of 1st period - Yanni Gourde wins face-off versus Nic Dowd in St.Louis Blues zone.
1:23 of 1st period - Snap shot by Oliver Bjorkstrand.
1:23 of 1st period - Stopped by Scott Wedgewood with a rebound.
1:32 of 1st period - Icing by Nic Dowd.
1:33 of 1st period - Nic Dowd wins face-off versus Robert Thomas in Calgary Flames zone.
2:00 of 1st period - Nic Dowd is hit by Jake Guentzel and loses puck.
2:34 of 1st period - Snap shot by Alex Tuch.
2:34 of 1st period - Shot Blocked by Drew Doughty.
3:10 of 1st period - Nick Leddy is hit by Jeff Petry and loses puck.
3:57 of 1st period - Wrist shot by Evander Kane.
3:57 of 1st period - Stopped by Samuel Montembeault without a rebound.
3:58 of 1st period - J.T. Miller wins face-off versus Robert Thomas in Calgary Flames zone.
4:16 of 1st period - Off-side.
4:17 of 1st period - Sebastian Aho wins face-off versus Jake Guentzel in neutral zone.
5:23 of 1st period - Snap shot by Matthew Tkachuk.
5:23 of 1st period - Shot Misses the Net.
6:15 of 1st period - Snap shot by Alex Tuch.
6:15 of 1st period - Shot Blocked by Michael Anderson.
6:23 of 1st period - Wrist shot by Matthew Tkachuk.
6:23 of 1st period - Deflect By Joel Eriksson Ek.
6:23 of 1st period - Stopped by Scott Wedgewood with a rebound.
6:35 of 1st period - Wrist shot by Alex Tuch.
6:35 of 1st period - Shot Blocked by Rasmus Andersson.
6:41 of 1st period - Alex Tuch is hit by Joel Eriksson Ek and loses puck.
7:00 of 1st period - Snap shot by Evander Kane.
7:00 of 1st period - Shot Misses the Net.
7:12 of 1st period - Wrist shot by J.T. Miller.
7:12 of 1st period - Deflect By Matthew Tkachuk.
7:12 of 1st period - Stopped by Scott Wedgewood without a rebound.
7:13 of 1st period - Robert Thomas wins face-off versus Sebastian Aho in St.Louis Blues zone.
7:22 of 1st period - Wrist shot by Tage Thompson.
7:22 of 1st period - Stopped by Samuel Montembeault with a rebound.
7:24 of 1st period - Snap shot by Robert Thomas.
7:24 of 1st period - Stopped by Samuel Montembeault with a rebound.
7:26 of 1st period - Slapshot by Colton Parayko.
7:26 of 1st period - Stopped by Samuel Montembeault without a rebound.
7:27 of 1st period - Sebastian Aho wins face-off versus Robert Thomas in Calgary Flames zone.
7:52 of 1st period - Jeff Petry is hit by Alex Pietrangelo and loses puck.
8:03 of 1st period - Snap shot by Tage Thompson.
8:03 of 1st period - Stopped by Samuel Montembeault without a rebound.
8:04 of 1st period - Cole Sillinger wins face-off versus Jack Eichel in Calgary Flames zone.
8:09 of 1st period - Backhand shot by Kris Letang.
8:09 of 1st period - Shot Misses the Net.
8:11 of 1st period - Slapshot by Ryan McDonagh.
8:11 of 1st period - Shot Misses the Net.
8:13 of 1st period - Slapshot by Yakov Trenin.
8:13 of 1st period - Shot Misses the Net.
8:17 of 1st period - Slapshot by Rafael Harvey-Pinard.
8:17 of 1st period - Shot Blocked by Adam Pelech.
8:19 of 1st period - Slapshot by Rafael Harvey-Pinard.
8:19 of 1st period - Shot Misses the Net.
8:54 of 1st period - Wrist shot by Zach Hyman.
8:54 of 1st period - Deflect By Sebastian Aho.
8:54 of 1st period - Stopped by Scott Wedgewood with a rebound.
9:18 of 1st period - Snap shot by Jake Guentzel.
9:18 of 1st period - Deflect By Jack Eichel.
9:18 of 1st period - Stopped by Samuel Montembeault without a rebound.
9:19 of 1st period - Jack Eichel wins face-off versus Cole Sillinger in Calgary Flames zone.
9:22 of 1st period - Snap shot by Jack Eichel.
9:22 of 1st period - Stopped by Samuel Montembeault with a rebound.
10:13 of 1st period - Icing by Drew Doughty.
10:14 of 1st period - Robert Thomas wins face-off versus Cole Sillinger in Calgary Flames zone.
10:37 of 1st period - Alex Pietrangelo is hit by Yakov Trenin and loses puck.
10:50 of 1st period - Backhand shot by Yakov Trenin.
10:50 of 1st period - Deflect By Rafael Harvey-Pinard.
10:50 of 1st period - Stopped by Scott Wedgewood without a rebound.
10:51 of 1st period - Sebastian Aho wins face-off versus Robert Thomas in St.Louis Blues zone.
10:52 of 1st period - Snap shot by Zach Hyman.
10:52 of 1st period - Deflect By Timo Meier.
10:52 of 1st period - Shot Blocked by Nick Leddy.
10:52 of 1st period - Puck is out of play.
10:53 of 1st period - Sebastian Aho wins face-off versus Robert Thomas in St.Louis Blues zone.
11:04 of 1st period - Snap shot by Sebastian Aho.
11:04 of 1st period - Shot Misses the Net.
11:06 of 1st period - Snap shot by Ryan McDonagh.
11:06 of 1st period - Stopped by Scott Wedgewood without a rebound.
11:07 of 1st period - Sebastian Aho wins face-off versus Robert Thomas in St.Louis Blues zone.
11:22 of 1st period - Wrist shot by Tage Thompson.
11:22 of 1st period - Shot Misses the Net.
11:24 of 1st period - Slapshot by Alex Pietrangelo.
11:24 of 1st period - Shot Misses the Net.
12:02 of 1st period - Snap shot by Matthew Tkachuk.
12:02 of 1st period - Shot Blocked by Nico Sturm.
12:33 of 1st period - Snap shot by Rafael Harvey-Pinard.
12:33 of 1st period - Stopped by Scott Wedgewood without a rebound.
12:34 of 1st period - Nic Dowd wins face-off versus Robert Thomas in St.Louis Blues zone.
12:41 of 1st period - Snap shot by Oliver Bjorkstrand.
12:41 of 1st period - Stopped by Scott Wedgewood with a rebound.
12:43 of 1st period - Wrist shot by Nic Dowd.
12:43 of 1st period - Shot Misses the Net.
14:13 of 1st period - Slapshot by Evander Kane.
14:13 of 1st period - Stopped by Samuel Montembeault without a rebound.
14:14 of 1st period - Sebastian Aho wins face-off versus Robert Thomas in Calgary Flames zone.
14:46 of 1st period - Minor Penalty to Michael Anderson for Interference.
14:47 of 1st period - Joel Eriksson Ek wins face-off versus Robert Thomas in Calgary Flames zone.
15:36 of 1st period - Wrist shot by Elias Pettersson.
15:36 of 1st period - Stopped by Samuel Montembeault with a rebound.
16:46 of 1st period - Penalty to Michael Anderson is over, Michael Anderson is back on ice.
17:01 of 1st period - Icing by Kris Letang.
17:02 of 1st period - Nico Sturm wins face-off versus Sebastian Aho in Calgary Flames zone.
17:11 of 1st period - Snap shot by Matthew Tkachuk.
17:11 of 1st period - Shot Blocked by Nico Sturm.
17:15 of 1st period - Slapshot by Matthew Tkachuk.
17:15 of 1st period - Shot Misses the Net.
17:23 of 1st period - Wrist shot by Matthew Tkachuk.
17:23 of 1st period - Stopped by Scott Wedgewood with a rebound.
17:25 of 1st period - Wrist shot by J.T. Miller.
17:25 of 1st period - Stopped by Scott Wedgewood without a rebound.
17:26 of 1st period - Nic Dowd wins face-off versus Robert Thomas in St.Louis Blues zone.
17:53 of 1st period - Jack Eichel is hit by Drew Doughty.
18:14 of 1st period - Off-side.
18:15 of 1st period - Sebastian Aho wins face-off versus Nico Sturm in neutral zone.
18:35 of 1st period - Snap shot by Lawson Crouse.
18:35 of 1st period - Shot Misses the Net.
18:37 of 1st period - Snap shot by Nico Sturm.
18:37 of 1st period - Stopped by Samuel Montembeault with a rebound.
18:39 of 1st period - Wrist shot by Nico Sturm.
18:39 of 1st period - Stopped by Samuel Montembeault without a rebound.
18:40 of 1st period - J.T. Miller wins face-off versus Robert Thomas in Calgary Flames zone.
19:33 of 1st period - Backhand shot by Zach Hyman.
19:33 of 1st period - Stopped by Scott Wedgewood without a rebound.
19:34 of 1st period - Sebastian Aho wins face-off versus Robert Thomas in St.Louis Blues zone.
19:49 of 1st period - Snap shot by Zach Hyman.
19:49 of 1st period - Shot Misses the Net.
19:59 of 1st period - Snap shot by Sebastian Aho.
19:59 of 1st period - Stopped by Scott Wedgewood with a rebound.
Goals for this period are 0 for St.Louis Blues vs 1 for Calgary Flames.
Shots for this period are 11 for St.Louis Blues vs 15 for Calgary Flames.
2nd period
0:01 of 2nd period - Elias Pettersson wins face-off versus J.T. Miller in neutral zone.
0:26 of 2nd period - Jack Eichel is hit by Kris Letang.
0:36 of 2nd period - Ryan McDonagh is hit by Adam Pelech and loses puck.
0:51 of 2nd period - Kris Letang is hit by Yanni Gourde and loses puck.
0:58 of 2nd period - Snap shot by Evander Kane.
0:58 of 2nd period - Shot Blocked by Zach Hyman.
1:01 of 2nd period - Icing by Sebastian Aho.
1:02 of 2nd period - Sebastian Aho wins face-off versus Robert Thomas in Calgary Flames zone.
1:09 of 2nd period - Robert Thomas is hit by Kris Letang and loses puck.
1:16 of 2nd period - Snap shot by Timo Meier.
1:16 of 2nd period - Shot Misses the Net.
1:18 of 2nd period - Snap shot by Timo Meier.
1:18 of 2nd period - Shot Misses the Net.
1:20 of 2nd period - Slapshot by Kris Letang.
1:20 of 2nd period - Deflect By Sebastian Aho.
1:20 of 2nd period - Stopped by Scott Wedgewood without a rebound.
1:21 of 2nd period - J.T. Miller wins face-off versus Jack Eichel in St.Louis Blues zone.
2:37 of 2nd period - Slapshot by Robert Thomas.
2:37 of 2nd period - Deflect By Tage Thompson.
2:37 of 2nd period - Shot Misses the Net.
2:37 of 2nd period - Puck is out of play.
2:38 of 2nd period - J.T. Miller wins face-off versus Mark Stone in Calgary Flames zone.
3:10 of 2nd period - Icing by Zach Hyman.
3:11 of 2nd period - Sebastian Aho wins face-off versus Yanni Gourde in Calgary Flames zone.
3:11 of 2nd period - Sebastian Aho is hit by Evander Kane.
3:24 of 2nd period - Zach Hyman is hit by Evander Kane and loses puck.
3:41 of 2nd period - Wrist shot by Zach Hyman.
3:41 of 2nd period - Stopped by Scott Wedgewood without a rebound.
3:42 of 2nd period - J.T. Miller wins face-off versus Robert Thomas in St.Louis Blues zone.
4:09 of 2nd period - Jack Eichel is hit by Ryan McDonagh and loses puck.
4:25 of 2nd period - Icing by Colton Parayko.
4:26 of 2nd period - Sebastian Aho wins face-off versus Jake Guentzel in St.Louis Blues zone.
4:39 of 2nd period - Snap shot by Matthew Tkachuk.
4:39 of 2nd period - Goal by Matthew Tkachuk - St.Louis Blues : 0 - Calgary Flames : 2.
4:40 of 2nd period - Robert Thomas wins face-off versus J.T. Miller in neutral zone.
4:43 of 2nd period - Snap shot by Alex Pietrangelo.
4:43 of 2nd period - Shot Misses the Net.
5:00 of 2nd period - Minor Penalty to Matthew Tkachuk for Tripping.
5:01 of 2nd period - Elias Pettersson wins face-off versus Joel Eriksson Ek in Calgary Flames zone.
5:13 of 2nd period - Snap shot by Robert Thomas.
5:13 of 2nd period - Shot Misses the Net.
5:32 of 2nd period - Slapshot by Alex Pietrangelo.
5:32 of 2nd period - Shot Blocked by Ryan McDonagh.
5:34 of 2nd period - Slapshot by Alex Tuch.
5:34 of 2nd period - Deflect By Evander Kane.
5:34 of 2nd period - Shot Misses the Net.
5:34 of 2nd period - Puck is out of play.
5:35 of 2nd period - Robert Thomas wins face-off versus J.T. Miller in Calgary Flames zone.
6:10 of 2nd period - Snap shot by Jack Eichel.
6:10 of 2nd period - Shot Blocked by Joel Eriksson Ek.
6:56 of 2nd period - Icing by Mark Stone.
6:57 of 2nd period - Joel Eriksson Ek wins face-off versus Jack Eichel in St.Louis Blues zone.
7:00 of 2nd period - Penalty to Matthew Tkachuk is over, Matthew Tkachuk is back on ice.
7:00 of 2nd period - Slapshot by Joel Eriksson Ek.
7:00 of 2nd period - Shot Misses the Net.
7:14 of 2nd period - Slapshot by Timo Meier.
7:14 of 2nd period - Stopped by Scott Wedgewood with a rebound.
7:22 of 2nd period - Snap shot by Lawson Crouse.
7:22 of 2nd period - Shot Blocked by Timo Meier.
7:32 of 2nd period - Wrist shot by Elias Pettersson.
7:32 of 2nd period - Shot Misses the Net.
7:46 of 2nd period - Michael Anderson is hit by Colton Parayko.
7:52 of 2nd period - Icing by Yakov Trenin.
7:53 of 2nd period - Cole Sillinger wins face-off versus Jack Eichel in Calgary Flames zone.
7:58 of 2nd period - Slapshot by Kris Letang.
7:58 of 2nd period - Shot Blocked by Jack Eichel.
8:00 of 2nd period - Slapshot by Ryan McDonagh.
8:00 of 2nd period - Deflect By Jake Guentzel.
8:00 of 2nd period - Stopped by Scott Wedgewood with a rebound.
8:22 of 2nd period - Slapshot by Elias Pettersson.
8:22 of 2nd period - Stopped by Samuel Montembeault with a rebound.
9:24 of 2nd period - Colton Parayko is hit by Timo Meier and loses puck.
9:40 of 2nd period - Off-side.
9:41 of 2nd period - Robert Thomas wins face-off versus Nic Dowd in neutral zone.
10:06 of 2nd period - J.T. Miller is hit by Mikhail Sergachev and loses puck.
11:17 of 2nd period - Slapshot by Joel Eriksson Ek.
11:17 of 2nd period - Stopped by Scott Wedgewood with a rebound.
11:19 of 2nd period - Snap shot by J.T. Miller.
11:19 of 2nd period - Shot Misses the Net.
11:21 of 2nd period - Slapshot by Joel Eriksson Ek.
11:21 of 2nd period - Goal by Joel Eriksson Ek - St.Louis Blues : 0 - Calgary Flames : 3.
11:22 of 2nd period - Robert Thomas wins face-off versus Nic Dowd in neutral zone.
12:09 of 2nd period - Icing by Timo Meier.
12:10 of 2nd period - Yanni Gourde wins face-off versus Cole Sillinger in Calgary Flames zone.
12:26 of 2nd period - Snap shot by Rafael Harvey-Pinard.
12:26 of 2nd period - Shot Misses the Net.
12:36 of 2nd period - Nic Dowd is hit by Jake Sanderson and loses puck.
12:47 of 2nd period - Elias Pettersson is hit by Mathieu Joseph and loses puck.
13:07 of 2nd period - Snap shot by Jack Eichel.
13:07 of 2nd period - Stopped by Samuel Montembeault with a rebound.
13:09 of 2nd period - Slapshot by Jake Sanderson.
13:09 of 2nd period - Deflect By Jake Guentzel.
13:09 of 2nd period - Goal by Jake Guentzel - St.Louis Blues : 1 - Calgary Flames : 3.
13:10 of 2nd period - Robert Thomas wins face-off versus Oliver Bjorkstrand in neutral zone.
14:09 of 2nd period - Snap shot by Alex Tuch.
14:09 of 2nd period - Goal by Alex Tuch - St.Louis Blues : 2 - Calgary Flames : 3.
14:10 of 2nd period - Robert Thomas wins face-off versus Nic Dowd in neutral zone.
14:13 of 2nd period - Slapshot by Tage Thompson.
14:13 of 2nd period - Shot Blocked by Nic Dowd.
14:15 of 2nd period - Slapshot by Alex Pietrangelo.
14:15 of 2nd period - Deflect By Tage Thompson.
14:15 of 2nd period - Shot Blocked by Nic Dowd.
14:15 of 2nd period - Puck is out of play.
14:16 of 2nd period - Nic Dowd wins face-off versus Tage Thompson in Calgary Flames zone.
14:41 of 2nd period - Slapshot by Jack Eichel.
14:41 of 2nd period - Shot Misses the Net.
14:49 of 2nd period - Wrist shot by Jake Guentzel.
14:49 of 2nd period - Shot Misses the Net.
14:51 of 2nd period - Snap shot by Jack Eichel.
14:51 of 2nd period - Shot Misses the Net.
14:53 of 2nd period - Slapshot by Alex Pietrangelo.
14:53 of 2nd period - Stopped by Samuel Montembeault without a rebound.
14:54 of 2nd period - Nic Dowd wins face-off versus Robert Thomas in Calgary Flames zone.
14:54 of 2nd period - Nic Dowd is hit by Elias Pettersson.
15:04 of 2nd period - Snap shot by Mathieu Joseph.
15:04 of 2nd period - Stopped by Scott Wedgewood without a rebound.
15:05 of 2nd period - Nic Dowd wins face-off versus Robert Thomas in St.Louis Blues zone.
15:06 of 2nd period - Wrist shot by Oliver Bjorkstrand.
15:06 of 2nd period - Stopped by Scott Wedgewood with a rebound.
15:08 of 2nd period - Backhand shot by Oliver Bjorkstrand.
15:08 of 2nd period - Stopped by Scott Wedgewood without a rebound.
15:09 of 2nd period - Robert Thomas wins face-off versus Nic Dowd in St.Louis Blues zone.
15:14 of 2nd period - Snap shot by Robert Thomas.
15:14 of 2nd period - Stopped by Samuel Montembeault with a rebound.
15:54 of 2nd period - Snap shot by Zach Hyman.
15:54 of 2nd period - Stopped by Scott Wedgewood with a rebound.
16:00 of 2nd period - Snap shot by Zach Hyman.
16:00 of 2nd period - Shot Blocked by Alex Pietrangelo.
16:02 of 2nd period - Wrist shot by Sebastian Aho.
16:02 of 2nd period - Shot Misses the Net.
16:04 of 2nd period - Slapshot by Timo Meier.
16:04 of 2nd period - Stopped by Scott Wedgewood with a rebound.
16:11 of 2nd period - Icing by Yanni Gourde.
16:12 of 2nd period - Nico Sturm wins face-off versus Cole Sillinger in St.Louis Blues zone.
16:17 of 2nd period - Snap shot by Andrew Copp.
16:17 of 2nd period - Shot Misses the Net.
16:25 of 2nd period - Snap shot by Andrew Copp.
16:25 of 2nd period - Stopped by Samuel Montembeault with a rebound.
16:47 of 2nd period - Snap shot by Tage Thompson.
16:47 of 2nd period - Shot Blocked by J.T. Miller.
17:09 of 2nd period - Snap shot by Jake Guentzel.
17:09 of 2nd period - Stopped by Samuel Montembeault without a rebound.
17:10 of 2nd period - Sebastian Aho wins face-off versus Robert Thomas in Calgary Flames zone.
17:10 of 2nd period - Sebastian Aho is hit by Tage Thompson.
17:42 of 2nd period - Wrist shot by Jack Eichel.
17:42 of 2nd period - Stopped by Samuel Montembeault with a rebound.
17:44 of 2nd period - Snap shot by Jack Eichel.
17:44 of 2nd period - Stopped by Samuel Montembeault with a rebound.
17:46 of 2nd period - Slapshot by Mikhail Sergachev.
17:46 of 2nd period - Deflect By Jake Guentzel.
17:46 of 2nd period - Shot Misses the Net.
17:46 of 2nd period - Puck is out of play.
17:47 of 2nd period - J.T. Miller wins face-off versus Jack Eichel in Calgary Flames zone.
17:56 of 2nd period - Matthew Tkachuk is hit by Jack Eichel.
19:49 of 2nd period - Icing by Sebastian Aho.
19:50 of 2nd period - Sebastian Aho wins face-off versus Jack Eichel in Calgary Flames zone.
Goals for this period are 2 for St.Louis Blues vs 2 for Calgary Flames.
Shots for this period are 10 for St.Louis Blues vs 12 for Calgary Flames.
3rd period
0:01 of 3rd period - Robert Thomas wins face-off versus Mathieu Joseph in neutral zone.
0:45 of 3rd period - Minor Penalty to Nic Dowd for Hooking.
0:46 of 3rd period - Robert Thomas wins face-off versus J.T. Miller in Calgary Flames zone.
1:05 of 3rd period - Snap shot by Joel Eriksson Ek.
1:05 of 3rd period - Stopped by Scott Wedgewood without a rebound.
1:06 of 3rd period - Jack Eichel wins face-off versus Joel Eriksson Ek in St.Louis Blues zone.
1:06 of 3rd period - Jack Eichel is hit by Jeff Petry.
1:39 of 3rd period - Michael Anderson is hit by Jake Guentzel and loses puck.
2:45 of 3rd period - Penalty to Nic Dowd is over, Nic Dowd is back on ice.
2:56 of 3rd period - Slapshot by Rafael Harvey-Pinard.
2:56 of 3rd period - Shot Blocked by Lawson Crouse.
2:58 of 3rd period - Slapshot by Rasmus Andersson.
2:58 of 3rd period - Stopped by Scott Wedgewood with a rebound.
3:16 of 3rd period - Adam Pelech is hit by Nic Dowd and loses puck.
3:21 of 3rd period - Wrist shot by Mathieu Joseph.
3:21 of 3rd period - Shot Misses the Net.
3:35 of 3rd period - Timo Meier is hit by Mark Stone and loses puck.
3:59 of 3rd period - Nico Sturm is hit by Drew Doughty and loses puck.
4:22 of 3rd period - Matthew Tkachuk is hit by Evander Kane and loses puck.
5:15 of 3rd period - Wrist shot by Kris Letang.
5:15 of 3rd period - Shot Blocked by Jake Sanderson.
5:57 of 3rd period - Alex Pietrangelo is hit by Yakov Trenin and loses puck.
6:16 of 3rd period - Michael Anderson is hit by Colton Parayko.
7:36 of 3rd period - Icing by Mikhail Sergachev.
7:37 of 3rd period - Jack Eichel wins face-off versus Sebastian Aho in St.Louis Blues zone.
7:46 of 3rd period - Backhand shot by Zach Hyman.
7:46 of 3rd period - Shot Blocked by Mikhail Sergachev.
7:48 of 3rd period - Slapshot by Drew Doughty.
7:48 of 3rd period - Shot Blocked by Mark Stone.
7:50 of 3rd period - Snap shot by Jeff Petry.
7:50 of 3rd period - Stopped by Scott Wedgewood with a rebound.
9:04 of 3rd period - Alex Pietrangelo is hit by Rafael Harvey-Pinard and loses puck.
9:09 of 3rd period - Slapshot by Drew Doughty.
9:09 of 3rd period - Stopped by Scott Wedgewood with a rebound.
9:13 of 3rd period - Backhand shot by Jeff Petry.
9:13 of 3rd period - Shot Misses the Net.
9:23 of 3rd period - Mark Stone is hit by Mathieu Joseph and loses puck.
9:30 of 3rd period - Wrist shot by Mathieu Joseph.
9:30 of 3rd period - Shot Hit the Post.
9:50 of 3rd period - Snap shot by Elias Pettersson.
9:50 of 3rd period - Deflect By Robert Thomas.
9:50 of 3rd period - Stopped by Samuel Montembeault without a rebound.
9:51 of 3rd period - Robert Thomas wins face-off versus J.T. Miller in Calgary Flames zone.
9:56 of 3rd period - Snap shot by Robert Thomas.
9:56 of 3rd period - Shot Misses the Net.
10:19 of 3rd period - Rasmus Andersson is hit by Evander Kane and loses puck.
11:13 of 3rd period - Adam Pelech is hit by Rafael Harvey-Pinard and loses puck.
11:26 of 3rd period - Wrist shot by Cole Sillinger.
11:26 of 3rd period - Shot Misses the Net.
11:37 of 3rd period - J.T. Miller is hit by Jake Sanderson and loses puck.
12:18 of 3rd period - Snap shot by Lawson Crouse.
12:18 of 3rd period - Shot Misses the Net.
12:36 of 3rd period - Drew Doughty is hit by Jake Guentzel and loses puck.
12:43 of 3rd period - Jake Guentzel is hit by Oliver Bjorkstrand and loses puck.
12:50 of 3rd period - Wrist shot by Jack Eichel.
12:50 of 3rd period - Stopped by Samuel Montembeault without a rebound.
12:51 of 3rd period - Elias Pettersson wins face-off versus Cole Sillinger in Calgary Flames zone.
12:52 of 3rd period - Snap shot by Tage Thompson.
12:52 of 3rd period - Stopped by Samuel Montembeault without a rebound.
12:53 of 3rd period - Cole Sillinger wins face-off versus Robert Thomas in Calgary Flames zone.
12:58 of 3rd period - Cole Sillinger is hit by Nick Leddy and loses puck.
13:07 of 3rd period - Cole Sillinger is hit by Elias Pettersson and loses puck.
13:42 of 3rd period - Evander Kane is hit by Zach Hyman and loses puck.
13:51 of 3rd period - Snap shot by Sebastian Aho.
13:51 of 3rd period - Stopped by Scott Wedgewood without a rebound.
13:52 of 3rd period - Nic Dowd wins face-off versus Robert Thomas in St.Louis Blues zone.
14:15 of 3rd period - Minor Penalty to Nic Dowd for Hooking.
14:16 of 3rd period - Joel Eriksson Ek wins face-off versus Robert Thomas in Calgary Flames zone.
14:31 of 3rd period - Snap shot by Robert Thomas.
14:31 of 3rd period - Shot Misses the Net.
14:33 of 3rd period - Snap shot by Robert Thomas.
14:33 of 3rd period - Shot Blocked by Mathieu Joseph.
15:05 of 3rd period - Off-side.
15:06 of 3rd period - J.T. Miller wins face-off versus Robert Thomas in neutral zone.
15:11 of 3rd period - Robert Thomas is hit by Matthew Tkachuk and loses puck.
15:18 of 3rd period - Slapshot by Alex Pietrangelo.
15:18 of 3rd period - Stopped by Samuel Montembeault with a rebound.
15:32 of 3rd period - Ryan McDonagh is hit by Alex Pietrangelo and loses puck.
16:12 of 3rd period - Drew Doughty is hit by Evander Kane and loses puck.
16:15 of 3rd period - Penalty to Nic Dowd is over, Nic Dowd is back on ice.
17:06 of 3rd period - Mathieu Joseph is hit by Elias Pettersson and loses puck.
17:15 of 3rd period - Tage Thompson is hit by Ryan McDonagh and loses puck.
17:28 of 3rd period - Snap shot by Joel Eriksson Ek.
17:28 of 3rd period - Stopped by Scott Wedgewood with a rebound.
17:30 of 3rd period - Slapshot by Michael Anderson.
17:30 of 3rd period - Shot Misses the Net.
18:20 of 3rd period - Jeff Petry is hit by Alex Tuch and loses puck.
18:50 of 3rd period - St.Louis Blues, Scott Wedgewood is pulled from the net.
19:21 of 3rd period - Wrist shot by Kris Letang.
19:21 of 3rd period - Goal by Kris Letang - St.Louis Blues : 2 - Calgary Flames : 4.
19:21 of 3rd period - Scott Wedgewood from St.Louis Blues was sent back in the game.
19:22 of 3rd period - Yanni Gourde wins face-off versus Sebastian Aho in neutral zone.
19:59 of 3rd period - Snap shot by Robert Thomas.
19:59 of 3rd period - Stopped by Samuel Montembeault with a rebound.
Goals for this period are 0 for St.Louis Blues vs 1 for Calgary Flames.
Shots for this period are 5 for St.Louis Blues vs 7 for Calgary Flames.
Back to the Top